 Dungeon Crawl Stone Soup version 0.17-a0-1450-g7e755d1 (webtiles) character file.

45906 hexophile the Thaumaturge (level 14, -8/132 HPs)
             Began as a Naga Wizard on June 29, 2015.
             Was a High Priest of Cheibriados.
             Mangled by a six-headed hydra (14 damage)
             ... on level 8 of the Lair of Beasts on June 30, 2015.
             The game lasted 03:52:20 (25909 turns).

hexophile the Thaumaturge (Naga Wizard)            Turns: 25909, Time: 03:52:21

Health: -8/132     AC: 22    Str: 23    XL:     14   Next: 35%
Magic:  2/23       EV: 19    Int: 35    God:    Cheibriados [*****.]
Gold:   1229       SH:  0    Dex: 24    Spells: 7 memorised, 15 levels left

rFire  . . .     SeeInvis +     z - +1 dagger (protect)
rCold  . . .     Clarity  .     V - +2 robe {MR+}
rNeg   . . .     SustAt   +     (no shield)
rPois  +         Gourm    .     b - +0 hat
rElec  .         Spirit   .     i - +0 cloak
rCorr  +         Warding  .     w - +0 pair of gloves
rMut   .         Stasis   .     (no barding)
MR     ++...                    E - amulet of resist corrosion
Stlth  +++++.....               Y - ring of invisibility
                                Z - ring of sustain attributes

@: very slightly contaminated, repel missiles, very slow, very resistant to
hostile enchantments, quite stealthy
A: claws 1, iridescent scales 1, rough black scales 1, see invisible, deformed
body, dopey 1, low mp 2, poison resistance, screaming 1, slowness 2, slow
metabolism 1, spit poison 2, constrict 1, AC +4
a: Spit Poison, Bend Time, Temporal Distortion, Slouch, Step From Time, Renounce
Religion, Evoke Invisibility


You were on level 8 of the Lair of Beasts.
You worshipped Cheibriados.
Cheibriados was extremely pleased with you.
You were not hungry.

You visited 4 branches of the dungeon, and saw 20 of its levels.

You collected 1229 gold pieces.

Inventory:

Hand weapons
 z - a +1 dagger of protection (weapon)
 W - a +3 short sword of electrocution
 X - a +0 blowgun
Missiles
 e - 661 stones (quivered)
 x - 63 poisoned needles
 K - 5 needles of slowing
 P - 4 needles of confusion
Armour
 b - a +0 hat (worn)
 i - a +0 cloak (worn)
 w - a +0 pair of gloves (worn)
 V - a +2 robe of magic resistance (worn)
Jewellery
 l - an uncursed ring of flight
 E - an amulet of resist corrosion (around neck)
 Y - a ring of invisibility (right hand)
 Z - a ring of sustain attributes (left hand)
Magical devices
 a - a wand of cold (0)
 o - a wand of slowing (12)
 s - a wand of draining (0)
 t - a wand of confusion (15)
 y - a wand of draining (0)
 B - a wand of flame (17)
 I - a wand of disintegration (0)
 R - a wand of lightning (2)
 T - a wand of lightning (0)
Scrolls
 g - a scroll of brand weapon
 j - 2 scrolls of recharging
 n - 7 scrolls of remove curse
 u - 2 scrolls of fog {unknown}
 A - 3 scrolls of magic mapping
 D - a scroll of immolation
 F - a scroll of enchant weapon
 L - 4 scrolls of silence
 M - 3 scrolls of torment {unknown}
 O - 5 scrolls of enchant armour
 S - 7 scrolls of identify
 U - 2 scrolls of amnesia
Potions
 f - 3 potions of brilliance
 k - 3 potions of resistance {unknown}
 q - a potion of curing
 C - a potion of might
 Q - 2 potions of agility {unknown}
Books
 c - a book of Minor Magic

   Spells                             Type                      Level
   a - Magic Dart                     Conjuration                  1
   b - Blink                          Translocation                2
   c - Call Imp                       Summoning                    2
   d - Repel Missiles                 Charms/Air                   2
   e - Slow                           Hexes                        2
   f - Conjure Flame                  Conjuration/Fire             3
   g - Mephitic Cloud                 Conjuration/Poison/Air       3
 v - a book of Dreams

   Spells                             Type                      Level
   a - Ensorcelled Hibernation        Hexes/Ice                    2
   b - Phase Shift                    Translocation                5
   c - Shadow Creatures               Summoning                    5
   d - Silence                        Hexes/Air                    5
   e - Mass Confusion                 Hexes                        6
   f - Darkness                       Hexes                        7
 H - a book of the Warp

   Spells                             Type                      Level
   a - Recall                         Summoning/Translocation      3
   b - Gell's Gravitas                Hexes/Translocation          3
   c - Force Lance                    Conjuration/Translocation    4
   d - Phase Shift                    Translocation                5
   e - Warp Weapon                    Charms/Translocation         5
   f - Summon Forest                  Summoning/Translocation      5
Comestibles
 d - 10 bread rations
 h - 10 fruits
 G - 2 meat rations
 J - 2 slices of pizza
 N - a beef jerky


   Skills:
 * Level 10.2 Fighting
 + Level 8.1 Short Blades
 * Level 9.4 Dodging
 + Level 7.6 Stealth
 * Level 11.3 Spellcasting
 + Level 8.6 Conjurations
   Level 1.0 Summonings
 - Level 5.7 Translocations
 - Level 3.2 Air Magic
 - Level 4.1 Poison Magic
 - Level 6.9 Invocations


You had 15 spell levels left.
You knew the following spells:

 Your Spells              Type           Power        Failure   Level  Hunger
a - Magic Dart            Conj           ####         1%          1    None
b - Blink                 Tloc           N/A          1%          2    None
c - Force Lance           Conj/Tloc      ######..     1%          4    None
d - Conjure Flame         Conj/Fire      ######..     1%          3    None
e - Mephitic Cloud        Conj/Pois/Air  ######..     1%          3    None
f - Repel Missiles        Chrm/Air       ####..       1%          2    None
g - Phase Shift           Tloc           ######....   8%          5    #......


Dungeon Overview and Level Annotations

Branches:
Dungeon (10/15)            Temple (1/1) D:7            Lair (8/8) D:9
 Shoals (0/4) Lair:6       Spider (1/4) Lair:4        Slime (0/6) Lair:7
    Orc: D:9-12

Altars:
Ashenzari
Cheibriados
Dithmenos
Elyvilon
Fedhas
Gozag
Kikubaaqudgha
Makhleb
Nemelex Xobeh
Okawaru
Qazlal
Ru
Sif Muna
Trog
Vehumet
Xom
Yredelemnul
Zin
The Shining One
Jiyva

Annotations:
D:5 ice bitch
D:6 orc warrior
D:7 hell yeah, exclusion: downstairs
D:8 orki i kobiety-ognie, exclusion: door, Erica
D:9 1 runed door, exclusion: door
Temple 1 exclusion
Lair:4 Damn hydra
Lair:7 1 runed door, exclusion: door
Lair:8 4 exclusions


Innate Abilities, Weirdness & Mutations

You cannot wear boots.
Your serpentine skin is tough (AC +4).
You have supernaturally acute eyesight.
Armour fits poorly on your strangely shaped body.
Your system is resistant to poisons.
You cover ground very slowly.
You have a slow metabolism.
You can spit poison.
You can use your snake-like lower body to constrict enemies.
You have sharp fingernails.
You are partially covered in iridescent scales (AC +4).
You are partially covered in rough black scales (AC +4, Dex -1).
You are dopey. (Int -2)
Your magical capacity is very low (-20% MP).
You occasionally shout uncontrollably at your foes.


Message History

Evoke which item? (* to show all) (? for menu, Esc to quit)
Zapping:
t - a wand of confusion {zapped: 9} (will waste charges)
Press: ? - help, Shift-Dir - straight line, f/p - six-headed hydra
Aim: a six-headed hydra (heavily wounded, chance to defeat MR: 15%)
The six-headed hydra resists with almost no effort.
Evoking this partially-identified wand wasted a few charges.
The death yak gores you!
* * * LOW HITPOINT WARNING * * *
Evoke which item? (* to show all) (? for menu, Esc to quit)
Zapping:
I - a wand of disintegration {zapped: 12} (will waste charges)
Press: ? - help, Shift-Dir - straight line, f/p - six-headed hydra
Aim: a six-headed hydra (heavily wounded, chance to defeat MR: 30%) Nothing appears to happen.
The six-headed hydra completely misses you.
The six-headed hydra misses you. x2
The six-headed hydra bites you!
* * * LOW HITPOINT WARNING * * *
The six-headed hydra bites you but does no damage.
The six-headed hydra bites you!
You die...

...................########♣..##
.................###.....Y.D...#
................##..P†hP##.....#
...............##....P.##†÷T..#
...............#.....###...Y#.##
.........P....##...###......#..##
........P....##..hP# .÷.....##..#
..###..PP.#.##.hYD## 8..#... #P..
.## ###.P#..#...@.# .. ##.. #...
## #.##.##.....# . ##. #...
#.#####.....# .. #... ### #....##
#..# ##...# ##..# #.P.# #...#
##..# ##...# #.## #..÷.# #.##
##....#


You could see a death yak, a six-headed hydra and 2 wolves.

Vanquished Creatures
  6 hydras
  A catoblepas (Lair:8)
  7 death yaks
  A lindwurm (Lair:6)
  2 griffons
  20 elephants
  3 black mambas
  Maurice (D:10)
  11 spiny frogs
  Psyche (D:9)
  A torpor snail (Lair:7)
  2 komodo dragons (Lair:7)
  A fire drake (Lair:6)
  A polar bear (Lair:8)
  A two-headed ogre (D:9)
  25 blink frogs
  2 wyverns (D:9)
  A spriggan (D:7)
  26 yaks
  2 basilisks (Lair:8)
  A deep elf mage (D:9)
  14 hippogriffs
  A hungry ghost (D:7)
  8 wolves
  20 porcupines
  A sky beast (D:6)
  13 water moccasins
  A black bear (Lair:8)
  8 spiders (Lair:4)
  A necrophage (D:9)
  An ice beast (D:9)
  2 orc warriors
  15 crocodiles
  An ogre (D:5)
  3 centaurs
  19 giant frogs
  A big kobold (D:10)
  2 scorpions
  An electric eel (Lair:3)
  9 killer bees
  3 wights (D:9)
  A crimson imp (D:8)
  3 hounds
  A gnoll shaman (D:5)
  A giant frog zombie (D:5)
  6 iguanas
  3 orc priests (D:4)
  2 giant frog skeletons
  7 jellies
  4 orc wizards
  2 centaur skeletons
  7 worker ants
  42 sheep
  2 hound skeletons (D:4)
  2 worker ant zombies
  11 adders
  12 gnolls
  46 river rats
  3 shadow imps
  2 worms (D:2)
  5 giant geckos
  28 orcs
  18 bats
  A bat skeleton (D:5)
  A bat zombie (D:3)
  4 giant cockroaches
  9 hobgoblins
  6 quokkas
  A ball python (D:2)
  2 giant gecko skeletons (D:7)
  7 giant newts
  22 goblins
  3 jackals
  16 kobolds
  7 rats
  A fungus (Lair:2)
528 creatures vanquished.

Vanquished Creatures (collateral kills)
  4 killer bees (D:9)
  An adder (D:1)
  A hobgoblin (D:1)
  2 jackals (D:1)
  A rat (D:1)
9 creatures vanquished.

Vanquished Creatures (others)
  A killer bee (D:9)
  An orc wizard (D:8)
  3 fungi
  12 plants (D:10)
17 creatures vanquished.

Grand Total: 554 creatures vanquished

Notes
Turn   | Place    | Note
--------------------------------------------------------------
     0 | D:1      | hexophile the Naga Wizard began the quest for the Orb.
     0 | D:1      | Reached XP level 1. HP: 15/15 MP: 4/4
   369 | D:1      | Reached XP level 2. HP: 22/22 MP: 0/6
   468 | D:1      | Learned a level 2 spell: Blink
   471 | D:1      | Learned a level 2 spell: Call Imp
  1130 | D:1      | Reached XP level 3. HP: 24/28 MP: 4/7
  1657 | D:2      | Learned a level 3 spell: Conjure Flame
  1696 | D:2      | Reached XP level 4. HP: 36/36 MP: 4/9
  2037 | D:2      | You fall through a shaft for 2 floors!
  3020 | D:3      | Reached skill level 4 in Spellcasting
  3020 | D:3      | Reached XP level 5. HP: 42/42 MP: 1/11
  3150 | D:3      | Learned a level 3 spell: Mephitic Cloud
  3962 | D:3      | Reached skill level 1 in Poison Magic
  4129 | D:3      | Reached XP level 6. HP: 49/49 MP: 12/12
  4580 | D:4      | Learned a level 2 spell: Repel Missiles
  5050 | D:4      | Reached skill level 1 in Air Magic
  5050 | D:4      | Reached XP level 7. HP: 55/55 MP: 2/14
  5246 | D:5      | Entered Level 5 of the Dungeon
  5586 | D:5      | Reached skill level 5 in Spellcasting
  6286 | D:5      | Reached XP level 8. HP: 25/63 MP: 3/15
  6891 | D:6      | Found a shimmering altar of Xom.
  7017 | D:6      | Gained mutation: You are partially covered in iridescent scales (AC +4). [mutagenic meat]
  7409 | D:6      | Reached skill level 1 in Fighting
  7416 | D:6      | Found a glowing silver altar of Zin.
  7547 | D:7      | Reached skill level 5 in Conjurations
  8017 | D:7      | Reached skill level 6 in Spellcasting
  8346 | D:7      | Found a staircase to the Ecumenical Temple.
  8353 | Temple   | Entered the Ecumenical Temple
  8442 | Temple   | Became a worshipper of Cheibriados the Contemplative
  8548 | D:7      | Reached XP level 9. HP: 66/73 MP: 8/18
  8856 | D:7      | Found a glowing silver altar of Zin.
  9092 | D:8      | Acquired Cheibriados's first power
  9411 | D:8      | Noticed Erica
  9421 | D:8      | Upgraded the game from 0.17-a0-1447-g3d113ad to 0.17-a0-1450-g7e755d1
  9535 | D:8      | Reached skill level 1 in Invocations
 10535 | D:9      | Reached skill level 7 in Spellcasting
 10610 | D:9      | Found a runed door.
 10706 | D:9      | Noticed an elephant
 10757 | D:9      | Killed an elephant
 10757 | D:9      | Reached XP level 10. HP: 67/84 MP: 1/21
 11175 | D:9      | Found a staircase to the Lair.
 11716 | D:9      | Reached skill level 5 in Dodging
 11784 | D:9      | Acquired Cheibriados's second power
 12025 | D:9      | Noticed Psyche
 12056 | D:9      | Killed Psyche
 12280 | D:9      | Was placed under penance by Cheibriados
 12282 | D:9      | Was forgiven by Cheibriados
 12335 | D:9      | Found a deep blue altar of Sif Muna.
 12362 | D:9      | Reached skill level 8 in Spellcasting
 12559 | D:10     | Entered Level 10 of the Dungeon
 12844 | D:10     | Noticed Maurice
 12862 | D:10     | Killed Maurice
 12988 | D:10     | Acquired Cheibriados's third power
 13330 | Lair:1   | Entered Level 1 of the Lair of Beasts
 13372 | Lair:1   | Reached skill level 1 in Short Blades
 13464 | Lair:1   | Reached skill level 5 in Fighting
 13504 | Lair:1   | Gained mutation: You are partially covered in rough black scales (AC +4, Dex -1). [potion of mutation]
 13504 | Lair:1   | Gained mutation: You are dopey. (Int -2) [potion of mutation]
 13504 | Lair:1   | Gained mutation: Your magical capacity is low (-10% MP). [potion of mutation]
 13505 | Lair:1   | Gained mutation: Your magical capacity is very low (-20% MP). [potion of mutation]
 13505 | Lair:1   | Gained mutation: You occasionally shout uncontrollably at your foes. [potion of mutation]
 13505 | Lair:1   | Gained mutation: You have sharp fingernails. [potion of mutation]
 13847 | Lair:1   | Noticed a black mamba
 13975 | Lair:1   | Killed a black mamba
 13975 | Lair:1   | Reached skill level 5 in Invocations
 13975 | Lair:1   | Reached XP level 11. HP: 22/96 MP: 0/18
 14769 | Lair:2   | Acquired Cheibriados's fourth power
 15728 | Lair:2   | Reached skill level 9 in Spellcasting
 17424 | Lair:3   | Reached XP level 12. HP: 53/106 MP: 16/20
 17433 | Lair:3   | Noticed a four-headed hydra
 17436 | Lair:3   | Killed a four-headed hydra
 17436 | Lair:3   | Reached skill level 5 in Short Blades
 17436 | Lair:3   | Reached skill level 5 in Stealth
 17700 | Lair:3   | Found a snail-covered altar of Cheibriados.
 18312 | Lair:4   | Found a hole to the Spider Nest.
 18372 | Lair:4   | Noticed an eight-headed hydra
 18564 | Lair:5   | Learned a level 4 spell: Force Lance
 18690 | Lair:4   | Killed an eight-headed hydra
 18774 | Spider:1 | Entered Level 1 of the Spider Nest
 19149 | Lair:5   | Noticed a five-headed hydra
 19163 | Lair:5   | Killed a five-headed hydra
 19163 | Lair:5   | Reached skill level 10 in Spellcasting
 19215 | Lair:5   | Noticed a four-headed hydra
 19228 | Lair:5   | Killed a four-headed hydra
 20255 | Lair:6   | Gained mutation: You can use your snake-like lower body to constrict enemies. [Naga growth]
 20255 | Lair:6   | Reached XP level 13. HP: 117/117 MP: 21/21
 20280 | Lair:6   | Found a shimmering altar of Xom.
 20283 | Lair:6   | Noticed a four-headed hydra
 20708 | Lair:5   | Got a translucent arbalest
 20709 | Lair:5   | Identified the +4 arbalest "Ytuvyosa" {venom, Str+8 Int-4 Dex+4} (You found it on level 5 of the Lair of Beasts)
 20733 | Lair:5   | Learned a level 5 spell: Phase Shift
 20951 | Lair:6   | Found a staircase to the Shoals.
 21683 | Lair:6   | Killed a four-headed hydra
 22043 | Lair:7   | Found a runed door.
 22043 | Lair:7   | Found a viscous altar of Jiyva.
 22043 | Lair:7   | Found a staircase to the Slime Pits.
 22043 | Lair:7   | Noticed an acid blob
 22043 | Lair:7   | Noticed an acid blob
 22043 | Lair:7   | Noticed an acid blob
 23276 | Lair:8   | Entered Level 8 of the Lair of Beasts
 23290 | Lair:7   | Reached skill level 5 in Translocations
 24761 | Lair:8   | Reached skill level 11 in Spellcasting
 24821 | Lair:8   | Reached XP level 14. HP: 69/130 MP: 4/23
 25624 | Lair:8   | Reached skill level 10 in Fighting
 25909 | Lair:8   | HP: 6/132 [six-headed hydra (7)]
 25909 | Lair:8   | Mangled by a six-headed hydra

Vault maps used:
D:1:      minmay_arrival_shattered_statue, minmay_ruptured
D:4:      portal_sewer_entry_d, first_bread
D:6:      zin_statuary, basic_altar, interstate_on_off
D:7:      temple_green, basic_altar, hex_intersection, the_bakery
D:8:      uniq_erica
D:9:      david_lair_generic, basic_altar, minivault_13, uniq_psyche
D:10:     wad_woods_stonehenge, serial_bayou_ford_a, uniq_maurice, uniq_snorg
Temple:   kilobyte_greek_temple_18
Lair:3:   basic_altar, serial_bayou_pond_b, serial_bayou_shore_b
Lair:4:   spider_nest_entry_a, lemuel_fruit_fields
Lair:5:   grunt_megastairs_3, serial_bayou_shore_b
Lair:6:   shoals_dummy_entry, basic_altar
Lair:7:   slime_altar_2, infiniplex_staircase_pool_2
Lair:8:   grunt_lair_end_beastmaster
Spider:1: zaba_anthell, uniq_donald

Action                   |  1- 3 |  4- 6 |  7- 9 | 10-12 | 13-15 || total
-------------------------+-------+-------+-------+-------+-------++-------
Melee: Dagger            |     3 |    40 |   151 |   116 |       ||   310
       Club              |     3 |       |       |       |       ||     3
       Spear             |       |     7 |     2 |       |       ||     9
       Short sword       |       |       |       |   376 |   528 ||   904
Throw: Stone             |     3 |       |       |       |       ||     3
 Cast: Magic Dart        |    64 |   173 |   264 |   346 |    23 ||   870
       Call Imp          |     3 |     3 |       |       |       ||     6
       Blink             |     1 |       |     1 |     7 |     8 ||    17
       Conjure Flame     |       |     9 |    25 |    26 |    21 ||    81
       Mephitic Cloud    |       |     6 |    16 |    18 |     8 ||    48
       Repel Missiles    |       |       |     2 |     2 |       ||     4
       Force Lance       |       |       |       |     7 |    14 ||    21
       Phase Shift       |       |       |       |       |    14 ||    14
Invok: Slouch            |       |       |       |     9 |     6 ||    15
 Abil: Spit Poison       |     6 |    22 |    33 |    26 |     9 ||    96
Evoke: Wand              |       |       |     3 |    15 |     7 ||    25
  Use: Scroll            |       |     5 |    11 |    17 |     3 ||    36
       Potion            |       |       |     2 |    16 |     1 ||    19
 Stab: Sleeping          |       |       |       |     3 |     2 ||     5
       Confused          |       |       |       |     4 |     5 ||     9
       Distracted        |       |       |       |       |     3 ||     3
       Petrifying        |       |       |       |       |     1 ||     1
       Petrified         |       |       |       |       |     1 ||     1
  Eat: Chunk             |     2 |     6 |    15 |    18 |     4 ||    45
       Bread ration      |       |     1 |       |       |       ||     1
       Fruit             |       |       |     1 |     3 |     9 ||    13
       Pizza             |       |       |     1 |       |       ||     1
